 Dungeon Crawl Stone Soup version 0.18.1-5-g4a78601 (webtiles) character file.

35490 epen the Corrupter of Planes (level 13, -1/100 HPs)
             Began as a Demonspawn Abyssal Knight on May 12, 2016.
             Was the Champion of Lugonu.
             Slain by a swamp worm (14 damage)
             ... on level 6 of the Lair of Beasts.
             The game lasted 00:55:40 (20504 turns).

epen the Corrupter of Planes (DsAK)                Turns: 20504, Time: 00:55:41

Health: -1/100     AC: 27    Str: 18    XL:     13   Next: 47%
Magic:  22/22      EV:  9    Int: 14    God:    Lugonu [******]
Gold:   1230       SH:  8    Dex: 15    Spells: 1 memorised, 6 levels left

rFire  . . .     SeeInvis .     q - +1 scimitar (flame)
rCold  . . .     Gourm    .     y - +1 plate armour
rNeg   + . .     Faith    .     T - +0 buckler
rPois  .         Spirit   .     (no helmet)
rElec  .         Dismiss  .     d - +0 cloak
rCorr  .         Reflect  .     k - +2 pair of gloves
SustAt .         Harm     .     (no boots)
MR     .....                    h - amulet of regeneration
Stlth  ..........               F - +4 ring of protection
                                a - +3 ring of dexterity

@: not resistant to hostile enchantments, extremely unstealthy
A: claws 2, large bone plates 2, foul stench 1, negative energy resistance 1,
powered by pain 1, rot immunity
a: Depart the Abyss, Bend Space, Banish, Corrupt, Enter the Abyss, Brand Weapon
With Distortion, Renounce Religion


You were on level 6 of the Lair of Beasts.
You worshipped Lugonu.
Lugonu was exalted by your worship.
You were hungry.

You visited 2 branches of the dungeon, and saw 17 of its levels.
You visited the Abyss 1 time.
You also visited: Sewer.

You collected 1230 gold pieces.

Inventory:

Hand Weapons
 q - a +1 scimitar of flaming (weapon)
 Q - a +0 great sword
Armour
 d - a +0 cloak (worn)
 k - a +2 pair of gloves (worn)
 y - a +1 plate armour (worn)
 T - a +0 buckler (worn)
 U - a +0 large shield
Jewellery
 a - a +3 ring of dexterity (left hand)
 h - an amulet of regeneration (around neck)
 r - an uncursed ring of protection from fire
 F - a +4 ring of protection (right hand)
 L - an uncursed ring of ice
 P - an uncursed ring of wizardry
Wands
 b - a wand of confusion (14/48)
 g - a wand of digging (15/24)
 E - a wand of lightning (11/15)
Scrolls
 e - 10 scrolls of remove curse
 m - 3 scrolls of enchant armour
 s - 2 scrolls of enchant weapon
 w - 4 scrolls of teleportation
 H - 2 scrolls of fear
 I - 4 scrolls of fog
 J - 4 scrolls of recharging
 K - 2 scrolls of magic mapping
 M - 2 scrolls of amnesia
 N - 2 scrolls of blinking
 R - a scroll of identify
Potions
 i - 7 potions of curing
 n - 3 potions of ambrosia
 o - 2 potions of magic
 p - 3 potions of flight
 t - 3 potions of lignification
 u - a potion of beneficial mutation {unknown}
 v - 2 potions of invisibility
 x - 5 potions of brilliance
 z - 2 potions of haste
 C - 6 potions of might
 G - 3 potions of agility
 O - a potion of mutation {unknown}
 S - a potion of berserk rage
 V - 2 potions of cure mutation
 Z - a potion of cancellation {unknown}
Books
 A - a book of the Tempests

   Spells                             Type                      Level
   a - Static Discharge               Conjuration/Air              3
   b - Lightning Bolt                 Conjuration/Air              5
   c - Fireball                       Conjuration/Fire             5
   d - Tornado                        Air                          9
   e - Shatter                        Earth                        9
 B - a book of the Sky

   Spells                             Type                      Level
   a - Summon Lightning Spire         Summoning/Air                4
   b - Airstrike                      Air                          4
   c - Silence                        Hexes/Air                    5
   d - Deflect Missiles               Charms/Air                   6
   e - Conjure Ball Lightning         Conjuration/Air              6
   f - Tornado                        Air                          9
Miscellaneous
 W - a legendary deck of changes {drawn: 1}
Comestibles
 c - 7 bread rations
 f - 12 fruits
 l - 6 meat rations
 D - a slice of pizza


   Skills:
 + Level 8.9 Fighting
   Level 7.9 Short Blades
 * Level 10.7 Armour
 + Level 7.6 Dodging
 + Level 2.6 Shields
 + Level 6.3 Unarmed Combat
 + Level 7.2 Charms
 + Level 1.8 Air Magic
 + Level 12.4 Invocations


You had 6 spell levels left.
You knew the following spells:

 Your Spells              Type           Power        Failure   Level  Hunger
a - Deflect Missiles      Chrm/Air       ##........   100%        6    #######


Dungeon Overview and Level Annotations

Branches:
Dungeon (11/15)            Temple (0/1) D:4            Lair (6/8) D:10
  Swamp (0/4) Lair:6       Spider (0/4) Lair:4        Slime (0/6) Lair:6
    Orc: D:9-12

Altars:
Cheibriados
Dithmenos
Fedhas
Gozag
Kikubaaqudgha
Pakellas
Qazlal
Trog
Yredelemnul
Jiyva

Shops:
D:7 :

Annotations:
D:9 corrupted
Lair:6 corrupted
Abyss:1 Grinder, Menkaure


Innate Abilities, Weirdness & Mutations

You have very sharp fingernails.
You are mostly covered in large bone plates (AC +3, SH +3).
You may emit foul miasma when damaged in melee.
You resist negative energy.
You sometimes gain a little power by taking damage.
You are immune to rotting.


Message History

You closely miss the swamp worm.
The swamp worm is severely wounded.
The swamp worm bites you.
* * * LOW HITPOINT WARNING * * *
You block the swamp worm's attack.
You completely miss the swamp worm.
The swamp worm is severely wounded.
The swamp worm bites you!
* * * LOW HITPOINT WARNING * * *
You hit the swamp worm. You burn the swamp worm.
The swamp worm is almost dead.
You block the swamp worm's attack.
The swamp worm bites you but does no damage.
You barely miss the swamp worm.
The swamp worm is almost dead.
You block the swamp worm's attack.
You hit the swamp worm but do no damage.
The swamp worm is almost dead.
The swamp worm bites you!
You die...

............. .............
.......... .............
......†.. .#........... ........
##........... .......
###......♣♣♣♣♣♣♣♣♣♣♣♣♣♣♣♣♣ ......
#.......♣♣§≈≈§≈≈≈≈≈≈♣≈≈≈≈♣♣♣.....
........♣♣§§§§.w♣..$♣.......♣....
........♣♣§§.§..@.♣..............
........♣♣≈≈≈≈≈≈≈≈≈♣≈≈≈≈≈♣♣♣.....
PP.......♣♣♣♣♣♣♣♣♣♣♣♣♣♣♣♣♣......÷
PP...........♣♣♣♣♣♣♣♣............
P................................
#................................
#................................
...............................÷.
.................................


You could see a swamp worm.

Vanquished Creatures
  Maud (Lair:4)
  2 hydras
  Erica (D:9)
  4 death yaks (Lair:3)
  An unseen horror (D:10)
  A hill giant (D:10)
  A griffon (Lair:4)
  6 elephants
  4 black mambas
  A gargoyle (D:10)
  5 spiny frogs
  A rime drake (Lair:6)
  2 komodo dragons
  A two-headed ogre (D:10)
  A jumping spider (Lair:4)
  A boulder beetle (Lair:5)
  A polar bear (Lair:4)
  25 blink frogs
  A redback (Lair:4)
  A vampire (D:10)
  33 yaks
  2 hungry ghosts
  5 basilisks
  10 hippogriffs
  2 swamp worms (Lair:6)
  10 water moccasins
  5 porcupines
  A black bear (D:10)
  2 ice beasts (D:7)
  An orc warrior (D:9)
  4 sky beasts
  5 ogres
  An eye of draining (D:10)
  11 crocodiles
  10 wolves
  3 centaurs
  15 big kobolds
  12 giant frogs
  9 scorpions
  5 killer bees
  9 wights
  An electric eel (Lair:6)
  2 howler monkeys
  4 crimson imps
  A centaur zombie (D:7)
  A wasp zombie (D:5)
  3 human zombies (D:9)
  2 hounds
  A centaur skeleton (D:8)
  A giant frog skeleton (D:10)
  2 orc priests (D:9)
  3 jellies
  7 orc wizards
  2 human skeletons (D:9)
  6 iguanas
  5 worker ants
  11 sheep (Lair:4)
  A hound zombie (D:6)
  A hound skeleton (D:4)
  3 mummies (D:9)
  A worker ant zombie (D:5)
  7 gnolls
  17 adders
  A howler monkey skeleton (D:4)
  67 river rats
  A shadow imp (D:5)
  4 oozes
  An adder zombie (D:5)
  2 adder skeletons
  7 worms
  4 dart slugs
  8 giant geckos
  13 orcs
  13 bats
  3 giant cockroaches (D:2)
  8 goblins
  7 hobgoblins
  12 jackals
  25 kobolds
  7 quokkas
  15 ball pythons
  A giant gecko zombie (D:6)
  7 giant newts
  A quokka skeleton (D:5)
  33 rats
  A plant (D:10)
539 creatures vanquished.

Vanquished Creatures (others)
  A black mamba (Lair:6)
  Psyche (D:9)
  A queen bee (Lair:6)
  8 yaks (Lair:6)
  Grum (D:9)
  A hungry ghost (D:10)
  A sky beast (D:9)
  An ice beast (D:9)
  An ogre (D:9)
  4 wolves (D:9)
  A giant frog (Lair:6)
  19 killer bees
  An orc priest (D:4)
  An orc wizard (D:4)
  10 river rats (Lair:6)
  3 orcs (D:9)
  3 kobolds (D:9)
  A fungus (Lair:5)
59 creatures vanquished.

Grand Total: 598 creatures vanquished

Notes
Turn   | Place    | Note
--------------------------------------------------------------
     0 | Abyss:1  | epen the Demonspawn Abyssal Knight began the quest for the Orb.
     0 | Abyss:1  | Reached XP level 1. HP: 18/18 MP: 2/2
     1 | Abyss:1  | Noticed a large abomination
     5 | Abyss:1  | Noticed a chaos spawn
     6 | Abyss:1  | Noticed an apocalypse crab
     6 | Abyss:1  | Noticed a small abomination
     6 | Abyss:1  | Noticed a thrashing horror
     7 | Abyss:1  | Noticed a large abomination
     7 | D:1      | Escaped the Abyss
    39 | D:1      | Reached skill level 1 in Dodging
   508 | D:1      | Gained mutation: You are immune to rotting. [demonic ancestry]
   508 | D:1      | Reached XP level 2. HP: 20/24 MP: 3/3
   722 | D:1      | Reached * piety under Lugonu
   746 | D:1      | Reached skill level 3 in Invocations
   895 | D:1      | Reached XP level 3. HP: 24/29 MP: 5/5
  1419 | D:2      | Reached ** piety under Lugonu
  1783 | D:2      | Reached XP level 4. HP: 28/35 MP: 6/6
  3020 | D:2      | Reached skill level 4 in Invocations
  3132 | D:3      | Reached *** piety under Lugonu
  3148 | D:3      | Found a shadowy altar of Dithmenos.
  3319 | D:3      | Gained mutation: You have sharp fingernails. [demonic ancestry]
  3319 | D:3      | Reached XP level 5. HP: 32/41 MP: 8/8
  3753 | D:3      | Noticed Grinder
  3778 | D:3      | Banished Grinder
  3778 | D:3      | Gained mutation: You are partially covered in large bone plates (AC +2, SH +2). [demonic ancestry]
  3778 | D:3      | Reached XP level 6. HP: 37/47 MP: 9/9
  3873 | D:3      | Reached skill level 5 in Invocations
  4962 | D:4      | Noticed a sky beast
  5018 | D:4      | Killed a sky beast
  5247 | D:4      | Gained mutation: You sometimes gain a little power by taking damage. [demonic ancestry]
  5247 | D:4      | Reached XP level 7. HP: 30/54 MP: 11/11
  5729 | D:4      | Reached skill level 6 in Invocations
  5971 | D:4      | Found a staircase to the Ecumenical Temple.
  6076 | D:5      | Entered Level 5 of the Dungeon
  6273 | D:5      | Noticed Menkaure
  6275 | D:5      | Banished Menkaure
  6644 | D:5      | Found an oddly glowing altar of Pakellas.
  6903 | D:5      | Gained mutation: You have very sharp fingernails. [demonic ancestry]
  6903 | D:5      | Reached XP level 8. HP: 60/60 MP: 13/13
  6961 | D:5      | Reached **** piety under Lugonu
  6961 | D:5      | Reached skill level 7 in Invocations
  7054 | D:5      | Found an opulent altar of Gozag.
  7377 | D:6      | Found a glowing drain.
  7390 | D:6      | Reached skill level 5 in Short Blades
  7401 | Sewer    | Entered a sewer
  7929 | Sewer    | Reached ***** piety under Lugonu
  8172 | D:6      | Found a snail-covered altar of Cheibriados.
  8350 | D:6      | Reached skill level 8 in Invocations
  8383 | D:6      | Found a stormy altar of Qazlal.
  8993 | D:6      | Reached skill level 5 in Fighting
  9358 | D:7      | Found Ejim's Book Shoppe.
  9366 | D:7      | Gained mutation: You are mostly covered in large bone plates (AC +3, SH +3). [demonic ancestry]
  9366 | D:7      | Reached XP level 9. HP: 56/68 MP: 15/15
  9537 | D:7      | Found a blossoming altar of Fedhas.
  9584 | D:7      | Reached skill level 5 in Armour
  9728 | D:7      | Reached skill level 9 in Invocations
  9819 | D:7      | Reached skill level 1 in Unarmed Combat
 10704 | D:8      | Gained mutation: You may emit foul miasma when damaged in melee. [demonic ancestry]
 10704 | D:8      | Reached XP level 10. HP: 72/76 MP: 15/17
 11344 | D:9      | Found a basalt altar of Yredelemnul.
 11629 | D:9      | Noticed Grum
 11633 | D:9      | Noticed Erica
 11658 | D:9      | Noticed Psyche
 11695 | D:9      | Corrupted D:9
 11695 | D:9      | Noticed a large abomination
 11695 | D:9      | Noticed a rakshasa
 11695 | D:9      | Noticed a starcursed mass
 11695 | D:9      | Noticed an apocalypse crab
 11695 | D:9      | Noticed a large abomination
 11695 | D:9      | Noticed a purple very ugly thing
 11695 | D:9      | Noticed a worldbinder
 11695 | D:9      | Noticed a thrashing horror
 11696 | D:9      | Noticed a white draconian zealot
 11696 | D:9      | Noticed a spatial maelstrom
 11697 | D:9      | Noticed a smoke demon
 11698 | D:9      | Noticed a spiny frog
 11698 | D:9      | Killed Psyche
 11699 | D:9      | Noticed a rakshasa
 11735 | D:9      | Reached skill level 5 in Dodging
 11742 | D:9      | Killed Grum
 12007 | D:9      | Found an ancient bone altar of Kikubaaqudgha.
 12078 | D:9      | Found an oddly glowing altar of Pakellas.
 12274 | D:9      | Killed Erica
 12846 | D:10     | Entered Level 10 of the Dungeon
 12854 | D:10     | Reached skill level 10 in Invocations
 12857 | D:10     | Found a staircase to the Lair.
 12942 | D:10     | Learned a level 6 spell: Deflect Missiles
 13018 | D:10     | Killed an unseen horror
 13018 | D:10     | Reached skill level 1 in Charms
 13074 | D:10     | Gained mutation: You resist negative energy. [demonic ancestry]
 13074 | D:10     | Reached XP level 11. HP: 50/83 MP: 18/18
 13635 | D:10     | Noticed a hill giant
 13651 | D:10     | Killed a hill giant
 13873 | D:11     | Noticed a red ugly thing
 13924 | Lair:1   | Entered Level 1 of the Lair of Beasts
 15066 | Lair:1   | Reached skill level 11 in Invocations
 15105 | Lair:1   | Reached ****** piety under Lugonu
 15428 | Lair:2   | Reached XP level 12. HP: 88/92 MP: 20/20
 15458 | Lair:2   | Noticed a four-headed hydra
 15469 | Lair:2   | Killed a one-headed hydra
 15469 | Lair:2   | Reached skill level 5 in Charms
 16109 | Lair:3   | Noticed a death yak
 16111 | Lair:3   | Noticed a death yak
 16115 | Lair:3   | Noticed a death yak
 16118 | Lair:3   | Noticed a death yak
 16130 | Lair:3   | Killed a death yak
 16144 | Lair:3   | Killed a death yak
 16154 | Lair:3   | Killed a death yak
 16165 | Lair:3   | Killed a death yak
 16377 | Lair:3   | Noticed a six-headed hydra
 16393 | Lair:3   | Killed a one-headed hydra
 16393 | Lair:3   | Reached skill level 5 in Unarmed Combat
 17025 | Lair:4   | Reached skill level 10 in Armour
 17154 | Lair:4   | Found a hole to the Spider Nest.
 17175 | Lair:4   | Reached skill level 1 in Shields
 17500 | Lair:4   | Noticed Maud
 17522 | Lair:4   | Killed Maud
 17522 | Lair:4   | Reached skill level 12 in Invocations
 17678 | Lair:4   | Reached XP level 13. HP: 36/99 MP: 22/22
 18719 | Lair:5   | Reached skill level 1 in Air Magic
 19483 | Lair:5   | Found a bloodstained altar of Trog.
 20216 | Lair:6   | Corrupted Lair:6
 20216 | Lair:6   | Noticed a starcursed mass
 20216 | Lair:6   | Noticed a green death
 20216 | Lair:6   | Noticed an eidolon
 20216 | Lair:6   | Noticed a balrug
 20220 | Lair:6   | Noticed an ironheart preserver
 20310 | Lair:6   | Found a viscous altar of Jiyva.
 20310 | Lair:6   | Found a staircase to the Slime Pits.
 20466 | Lair:6   | Found a staircase to the Swamp.
 20504 | Lair:6   | Slain by a swamp worm

Skill      XL: |  1  2  3  4  5  6  7  8  9 10 11 12 13 |
---------------+----------------------------------------+-----
Dodging        | 1 2 3 4 5 6 7 |  7.6
Short Blades   | 2 3 4 5 7 |  7.9
Invocations    | 3 4 5 6 8 9 10 11 12 | 12.4
Armour         | 2 3 4 6 7 9 10 | 10.7
Fighting       | 4 5 6 7 8 |  8.9
Unarmed Combat | 2 3 4 5 6 |  6.3
Charms         | 1 4 6 7 |  7.2
Shields        | 1 2 |  2.6
Air Magic      | 1 |  1.8

Action                   |  1- 3 |  4- 6 |  7- 9 | 10-12 | 13-15 || total
-------------------------+-------+-------+-------+-------+-------++-------
Melee: Short sword       |    78 |       |       |       |       ||    78
       Dagger            |   166 |   632 |  1106 |       |       ||  1904
       Falchion          |       |       |   414 |   187 |       ||   601
       Scimitar          |       |       |       |  1262 |   537 ||  1799
Invok: Depart the Abyss  |     1 |       |       |       |       ||     1
       Banish            |       |     2 |     2 |     1 |       ||     5
       Bend Space        |       |       |       |     1 |     1 ||     2
       Corrupt           |       |       |       |     1 |     1 ||     2
Evoke: Deck              |       |       |       |     1 |       ||     1
  Use: Scroll            |       |       |    16 |    12 |     2 ||    30
       Potion            |       |       |     1 |     2 |     1 ||     4
  Eat: Chunk             |     3 |    12 |    20 |    18 |    11 ||    64
       Beef jerky        |       |       |     1 |     3 |       ||     4
       Pizza             |       |       |     1 |     1 |       ||     2
       Fruit             |       |       |     1 |       |       ||     1
       Royal jelly       |       |       |     1 |       |       ||     1
       Meat ration       |       |       |       |     2 |       ||     2
Armor: Leather armour    |    17 |       |       |       |       ||    17
       Scale mail        |    59 |   199 |    72 |       |       ||   330
       Plate armour      |       |       |   798 |  1336 |   506 ||  2640
Dodge: Dodged            |    80 |   183 |   281 |   671 |   296 ||  1511
Block: Other             |       |    10 |    56 |       |       ||    66
       Buckler           |       |       |    89 |   559 |   252 ||   900
